 Dungeon Crawl Stone Soup version 0.27-a0-1590-g15f69828bf (webtiles) character file.

Game seed: 12583777077833644640

497 quinnr the Zephyrmancer (level 7, -1/38 HPs)
             Began as a Tengu Air Elementalist on July 18, 2021.
             Was an Initiate of Vehumet.
             Slain by an orc warrior (14 damage)
             ... on level 5 of the Dungeon.
             The game lasted 00:12:31 (6293 turns).

quinnr the Zephyrmancer (Tengu Air Elementalist)    Turns: 6293, Time: 00:12:32

Health: -1/38      AC:  2    Str:  9    XL:     7   Next: 16%
Magic:  6/11       EV: 14    Int: 17    God:    Vehumet [......]
Gold:   101        SH: 10    Dex: 14    Spells: 5/10 levels left

rFire    . . .     SeeInvis .   p - staff of earth
rCold    + . .     Faith    .   f - +0 buckler
rNeg     . . .     Spirit   .   a - +0 robe
rPois    .         Reflect  +   m - +0 hat
rElec    .         Harm     .   (no cloak)
rCorr    .         Rampage  .   (no gloves)
Will     .....                  (boots unavailable)
Stlth    ++........             x - amulet of reflection
HPRegen  0.12/turn              s - ring of protection from cold
MPRegen  0.12/turn              (no ring)

@: about to teleport, flying quickly and evasively, quick
A: beak, talons 3, nimble flight
a: Renounce Religion


You were on level 5 of the Dungeon.
You worshipped Vehumet.
Vehumet was noncommittal.
You visited 1 branch of the dungeon, and saw 5 of its levels.

You collected 325 gold pieces.
You spent 224 gold pieces at shops.

Inventory:

Hand Weapons
 l - a +0 lajatang
Missiles
 o - 9 poisoned darts
Armour
 a - a +0 robe (worn)
 f - a +0 buckler (worn)
 m - a +0 hat (worn)
Magical Staves
 p - a staff of earth (weapon)
Jewellery
 s - a ring of protection from cold (left hand)
 x - an amulet of reflection (around neck)
Wands
 n - a wand of paralysis (4)
Scrolls
 b - 2 scrolls of enchant armour {unknown}
 d - 4 scrolls of vulnerability {unknown}
 e - 2 scrolls of enchant weapon {unknown}
 g - a scroll of fog
 i - a scroll of teleportation
 k - a scroll of noise
 r - 2 scrolls of magic mapping
 w - a scroll of torment {unknown}
Potions
 c - a potion of flight
 h - a potion of cancellation {unknown}
 j - a potion of mutation
 q - a potion of brilliance
 t - a potion of heal wounds
 u - a potion of magic {unknown}
 v - a potion of curing


   Skills:
 - Level 1.0 Fighting
 - Level 2.1 Dodging
 - Level 2.0 Stealth
 - Level 4.0 Shields
 - Level 2.0 Spellcasting
 - Level 1.3 Conjurations
 + Level 8.6 Air Magic


You had 5 spell levels left.
You knew the following spells:

 Your Spells              Type           Power      Damage    Failure   Level
a - Shock                 Conj/Air       72%        1d7       2%          1
b - Airstrike             Air            15%        N/A       5%          4

Your spell library contained the following spells:

 Spells                   Type           Power      Damage    Failure   Level
 Swiftness                Air            31%        N/A       1%          3
 Static Discharge         Conj/Air       18%        N/A       3%          2
 Portal Projectile        Hex/Tloc       2%         N/A       50%         3
 Blade Hands              Tmut           0%         N/A       99%         5
 Excruciating Wounds      Necr           0%         N/A       99%         5


Dungeon Overview and Level Annotations

Branches:
Dungeon (5/15)
 Temple: D:4-7

Altars:
Fedhas
Gozag
Kikubaaqudgha
Makhleb
Qazlal
Ru
Vehumet

Shops:
D:4 *


Innate Abilities, Weirdness & Mutations

You have a beak for a mouth.
You have claws for feet.
Your magical nature lets you fly swiftly and evasively.


Message History

Found a potion of curing.
The orc wizard shouts!
An orc warrior comes into view. It is wielding a +0 trident.
The orc wizard gestures at you while chanting.
The magic dart hits you. The orc wizard casts a spell at you.
The puff of flame hits you!
An orc comes into view. It is wielding a +0 dagger.
The zap misses the orc.
You hear a shout!
An orc wizard comes into view. It is wielding a +0 dagger.
You hear a shout!
Unknown command.
Unknown command.
Casting: Shock (safe; 2% risk of failure)
Confirm with . or Enter, or press ? or * to list all spells.
The spell is quite dangerous to cast (5% risk of failure)!
Continue anyway?
Uppercase [Y]es or [N]o only, please.
The spell is quite dangerous to cast (5% risk of failure)!
Continue anyway?
Aiming: Airstrike (quite dangerous; 5% risk of failure)
Press: ? - help, Dir - move target, f - orc wizard, p - orc
Aim: an orc wizard, wielding a +1 dagger of pain and wearing a +0 robe The air twists around and strikes the orc wizard!
The orc wizard is almost dead.
Unknown command.
The orc wizard gestures at you while chanting.
The puff of flame hits you!
You completely miss the orc wizard.
The orc shouts!
Your kick misses the orc wizard.
The orc wizard is almost dead.
The orc wizard casts a spell at you. The puff of flame misses you.
An orc comes into view. It is wielding a +0 club.
The orc warrior barely misses you.
As you read the scroll of teleportation, it crumbles to dust.
You feel strangely unstable. You block the orc wizard's attack.
The orc closely misses you.
The orc warrior hits you from afar with a +0 trident!
You die...

#..o! #..o.
#.... #..o.
#.... #....
#....####
#...$...########
#.:..#.o..oo.@.#
##.###......o#o#
# #.#####.#.#
### #.# #.#.#
#<# ..#
#.#...o.o.# #.#
####
#.###########
#.#
#...........#
#.#
###########.#
#.# #.# #.#


You could see an orc warrior, an orc wizard and 3 orcs.

Vanquished Creatures
  Grinder (D:3)
  2 hounds (D:4)
  An orc priest (D:4)
  Robin (D:2)
  9 adders
  3 worms
  3 dart slugs (D:1)
  3 orcs
  10 endoplasms
  A giant cockroach (D:4)
  13 goblins
  9 hobgoblins
  8 jackals
  2 quokkas
  6 ball pythons
  7 bats
  4 frilled lizards
  6 kobolds
  7 rats
96 creatures vanquished.

Vanquished Creatures (others)
  5 plants
5 creatures vanquished.

Grand Total: 101 creatures vanquished

Notes
Turn   | Place    | Note
-------+----------+-------------------------------------------
     0 | D:1      | quinnr the Tengu Air Elementalist began the quest for the
                  | Orb.
     0 | D:1      | Reached XP level 1. HP: 10/10 MP: 4/4
   178 | D:1      | Reached XP level 2. HP: 12/15 MP: 1/6
   359 | D:1      | Reached skill level 5 in Air Magic
   700 | D:1      | Reached XP level 3. HP: 19/19 MP: 1/7
  1791 | D:2      | Reached skill level 6 in Air Magic
  1858 | D:2      | Reached skill level 1 in Shields
  2120 | D:2      | Reached XP level 4. HP: 24/24 MP: 4/8
  2126 | D:2      | Noticed Robin
  2333 | D:2      | Killed Robin
  2690 | D:2      | Found a sacrificial altar of Ru.
  2872 | D:2      | Gained mutation: Your magical nature lets you fly swiftly
                  | and evasively. [Tengu growth]
  2872 | D:2      | Reached XP level 5. HP: 28/28 MP: 0/9
  3322 | D:2      | Found a faded altar of an unknown god.
  3670 | D:3      | Noticed Grinder
  3794 | D:3      | Paralysed by Grinder for 5 turns
  3795 | D:3      | HP: 2/28 [Grinder/nerve-wracking pain (12)]
  3799 | D:3      | Killed Grinder
  3800 | D:3      | Reached skill level 1 in Fighting
  3800 | D:3      | Reached skill level 7 in Air Magic
  3800 | D:3      | Reached XP level 6. HP: 3/34 MP: 2/10
  4162 | D:3      | Learned a level 4 spell: Airstrike
  4232 | D:3      | Found a burning altar of Makhleb.
  4304 | D:3      | Found a radiant altar of Vehumet.
  4322 | D:3      | Became a worshipper of Vehumet
  4387 | D:3      | Found an ancient bone altar of Kikubaaqudgha.
  4848 | D:4      | Found a stormy altar of Qazlal.
  4938 | D:4      | Identified the +4 ring mail "Poesky" {Drain rCorr MP-9
                  | Int+8}
  4964 | D:4      | Reached skill level 8 in Air Magic
  5030 | D:4      | Found Woasol's Assorted Antiques.
  5041 | D:4      | Bought a scroll labelled COJEIW WIPP for 28 gold pieces
  5041 | D:4      | Bought a scroll labelled QAAMI JIMI for 28 gold pieces
  5041 | D:4      | Bought 3 scrolls of identify for 168 gold pieces
  5125 | D:4      | Reached XP level 7. HP: 38/38 MP: 3/11
  5821 | D:4      | Found a blossoming altar of Fedhas.
  5905 | D:4      | Found an opulent altar of Gozag.
  6232 | D:5      | Entered Level 5 of the Dungeon
  6293 | D:5      | Slain by an orc warrior

Illustrated notes

Levels and vault maps discovered:
D:1:      sevenhm_arrival_forest_fort_small_5, layout_basic
D:2:      layout_loops_ring, basic_altar, dilly_ecumenical_altar_fadedgnrine,
          minmay_misc_feat_plants, minmay_crystal_room, solitary_fountain,
          minmay_hexomino_f4, uniq_robin
D:3:      layout_rooms, mainiacjoe_overflow_24_doors,
          mainiacjoe_overflow_surrounded_room, lightli_temple_of_fire,
          grunt_ministairs_13, minmay_quantized, uniq_grinder
D:4:      layout_gridville, fedhas_altar_2, nicolae_qazlal_general_emergency,
          grunt_gozag_statues, serial_shops, nicolae_shop_overgrown_old_shop,
          guppyfry_early_lair_pool
D:5:      layout_basic, hangedman_decor_slide_cut

Skill      XL: |  1  2  3  4  5  6 |
---------------+-------------------+-----
Air Magic      | 5 6 7 8 |  8.6
Shields        | 1 2 4 |  4.0
Fighting       | 1 |  1.0
Dodging        | |  2.1
Stealth        | |  2.0
Spellcasting   | |  2.0
Conjurations   | |  1.3

Action                   |  1- 3 |  4- 6 |  7- 9 || total
-------------------------+-------+-------+-------++-------
Melee: Unarmed           |    14 |    19 |       ||    33
       Peck              |     2 |     7 |       ||     9
       Kick              |     1 |    15 |     3 ||    19
       Staff             |       |    21 |     5 ||    26
 Cast: Shock             |    82 |   114 |    22 ||   218
       Airstrike         |       |     3 |     1 ||     4
Evoke: Wand              |       |     6 |       ||     6
  Use: Scroll            |       |     8 |     2 ||    10
 Stab: Paralysed         |       |    12 |       ||    12
Armor: Robe              |     5 |     5 |     3 ||    13
Dodge: Dodged            |    14 |    30 |    12 ||    56
Block: Buckler           |     2 |     6 |     3 ||    11

Table legend: (Time is in decaauts)
 A = Elapsed time spent in this place.
 B = Non-inter-level travel time spent in this place.
 C = Inter-level travel time spent in this place.
 D = Time resting spent in this place.
 E = Time spent auto-exploring this place.
 F = Levels seen in this place.
 G = Mean time per level.
                   A        B        C        D        E       F      G
               +--------+--------+--------+--------+--------+-----+--------+
         Total |   6125 |   6008 |    117 |    735 |   4611 |   5 | 1225.0 |
       Dungeon |   6125 |   6008 |    117 |    735 |   4611 |   5 | 1225.0 |
               +--------+--------+--------+--------+--------+-----+--------+

Top non-repeatable levels by time:
     D:2: 2181 daAuts
     D:1: 1645 daAuts
     D:4: 1381 daAuts
     D:3: 863 daAuts
     D:5: 55 daAuts
